 Dungeon Crawl Stone Soup version 0.22-a0-469-gf26638a (webtiles) character file.

28 namelastname112 the Chucker (level 3, 0/33 HPs)
             Began as a Naga Hunter on June 11, 2018.
             Slain by a goblin
             ... wielding a +3 dagger
             ... led by Robin
              (6 damage)
             ... on level 2 of the Dungeon.
             The game lasted 00:02:04 (1443 turns).

namelastname112 the Chucker (Naga Hunter)           Turns: 1443, Time: 00:02:05

Health: 0/33       AC:  4    Str: 20    XL:     3   Next: 12%
Magic:  3/3        EV: 10    Int: 16    God:
Gold:   59         SH:  0    Dex: 11    Spells: 2/2 levels left

rFire    . . .     SeeInvis +   h - +0 spear
rCold    . . .     Gourm    .   (no shield)
rNeg     . . .     Faith    .   b - +0 leather armour
rPois    +         Spirit   .   i - +2 hat
rElec    .         Reflect  .   (no cloak)
rCorr    +         Harm     .   (no gloves)
MR       .....                  (no barding)
Stlth    +.........             (no amulet)
HPRegen  0.11/turn              k - +5 ring of strength
MPRegen  0.08/turn              m - ring of resist corrosion

@: brilliant, flying, very slow
A: large, see invisible, deformed body, poison resistance, slowness 2, slow
metabolism 1, spit poison 1, AC +1
a: Spit Poison


You were on level 2 of the Dungeon.
You were not hungry.

You visited 1 branch of the dungeon, and saw 2 of its levels.

You collected 59 gold pieces.

Inventory:

Hand Weapons
 h - a +0 spear (weapon)
Missiles
 c - 3 javelins (quivered)
 d - 2 throwing nets
Armour
 b - a +0 leather armour (worn)
 i - a +2 hat (worn)
Jewellery
 k - a +5 ring of strength (left hand)
 l - an uncursed ring of wizardry
 m - a ring of resist corrosion (right hand)
Scrolls
 a - a scroll of magic mapping {unknown}
 e - 2 scrolls of identify {unknown}
 g - a scroll of blinking {unknown}
 n - a scroll of remove curse {unknown}
Potions
 j - a potion of flight
Comestibles
 f - 2 rations
 p - 3 chunks of flesh


   Skills:
 + Level 2.4 Fighting
 * Level 0.9 Polearms
 + Level 3.8 Throwing
 + Level 0.5 Armour
 + Level 1.9 Dodging
 - Level 1.5 Stealth


You had 2 spell levels left.
You didn't know any spells.
Your spell library was empty.

Dungeon Overview and Level Annotations

Branches:
Dungeon (2/15)

Altars:

Annotations:
D:2 Robin


Innate Abilities, Weirdness & Mutations

You cannot wear boots.
Your serpentine skin is tough. (AC +1)
You have supernaturally acute eyesight. (SInv)
Armour fits poorly on your strangely shaped body.
Your system is resistant to poisons. (rPois)
You cover ground very slowly.
You have a slow metabolism.
You can spit poison.


Message History

The javelin closely misses the hobgoblin.
The goblin barely misses you. The goblin closely misses you.
The goblin hits you but does no damage.
Throwing (i - inventory. (/) - cycle)
c - 4 javelins (quivered)
Press: ? - help, Shift-Dir - straight line, f/p - Robin
Aim: Robin, wielding a spear, wearing an animal skin and wearing a helmet You throw a javelin.
The javelin hits the goblin but does no damage.
The goblin hits you with an enchanted dagger.
* * * LOW HITPOINT WARNING * * *
The goblin barely misses you.
You take 5 damage, and have 6/33 hp.
It was a potion of brilliance.
You feel clever all of a sudden.
The hobgoblin no longer looks unusually strong.
The goblin no longer looks unusually strong.
Robin roars a battlecry!
The goblins go into a battle-frenzy!
The goblin hits you with an enchanted dagger.
You die...

......(##.# #.# #.#
.#..g(.g..#.#.####.######
###.###..#.#.).........#
..g....#.g#.######.####.##
..g..#.#.g#.#..# #.......#
.g.....#..#.#..###.#.....#
g#'#####..#.#........##.##
.#........#.##.######## #
........(..gggg@g..(.#
.#.........###.######.#
#.#####...# #.# . #...#
#.# #.... (.. #...#.#.#
#...# #.# #...# #.#


You could see Robin, a hobgoblin and 3 goblins.

Vanquished Creatures
  A dart slug (D:1)
  2 leopard geckos (D:1)
  3 bats (D:1)
  2 giant cockroaches (D:1)
  3 goblins (D:2)
  2 hobgoblins
  3 kobolds (D:1)
  A ball python (D:1)
  A frilled lizard (D:1)
  5 rats (D:1)
23 creatures vanquished.

Notes
Turn   | Place    | Note
-------+----------+-------------------------------------------
     0 | D:1      | namelastname112 the Naga Hunter began the quest for the Orb.
     0 | D:1      | Reached XP level 1. HP: 19/19 MP: 1/1
   674 | D:1      | Reached XP level 2. HP: 10/26 MP: 2/2
  1386 | D:2      | Reached XP level 3. HP: 33/33 MP: 3/3
  1414 | D:2      | Noticed Robin
  1443 | D:2      | Slain by a goblin

Vault maps used:
D:1:      arrival_zaba_pyramid
D:2:      uniq_crazy_yiuf_cottage, uniq_robin

Action                   || total
-------------------------++-------
Melee: Short sword       ||    48
       Spear             ||    44
Throw: Javelin           ||     3
 Abil: Spit Poison       ||     5
  Use: Potion            ||     2
 Stab: Sleeping          ||     3
  Eat: Chunk             ||     1
Armor: Leather armour    ||    32
Dodge: Dodged            ||    72

Table legend:
 A = Spawn XP
 B = Non-spawn XP
 C = Spawn XP percentage of total XP
 D = Spawn monster count
 E = Non-spawn monster count
 F = Spawn count percentage of total count
 G = Total turns spent on level
                    A         B        C        D         E        F      G
               +---------+---------+-------+---------+---------+-------+---------
         Total |       0 |      40 |   0.0 |       0 |      23 |   0.0 |  1443
               +---------+---------+-------+---------+---------+-------+---------
           D:1 |       0 |      32 |   0.0 |       0 |      19 |   0.0 |  1378
           D:2 |       0 |       8 |   0.0 |       0 |       4 |   0.0 |    65
               +---------+---------+-------+---------+---------+-------+---------
